 Dungeon Crawl Stone Soup version 0.27-a0-1359-ga2a4dfd6fd (webtiles) character file.

Game seed: 11201424363265615172

89 ABBCCCDDDD the Sneak (level 4, -2/29 HPs)
             Began as a Kobold Delver on June 28, 2021.
             Splashed by a jelly's acid (11 damage)
             ... on level 2 of the Dungeon.
             The game lasted 00:01:56 (1925 turns).

ABBCCCDDDD the Sneak (Kobold Delver)                Turns: 1925, Time: 00:01:56

Health: -2/29      AC:  3    Str:  9    XL:     4   Next: 84%
Magic:  4/4        EV: 15    Int: 12    God:
Gold:   36         SH:  0    Dex: 16    Spells: 3/3 levels left

rFire    . . .     SeeInvis .   m - +2 short sword (venom)
rCold    . . .     Faith    .   (shield restricted)
rNeg     . . .     Spirit   .   b - +0 leather armour
rPois    .         Reflect  .   (no helmet)
rElec    .         Harm     .   (no cloak)
rCorr    .         Rampage  .   (no gloves)
Will     .....                  (no boots)
Stlth    ++++......             (no amulet)
HPRegen  0.09/turn              (no ring)
MPRegen  0.09/turn              (no ring)

@: no status effects
A: small, no large weapons, nightstalker 3
a: no special abilities


You were on level 2 of the Dungeon.
You visited 1 branch of the dungeon, and saw 4 of its levels.

You collected 36 gold pieces.

Inventory:

Hand Weapons
 m - a +2 short sword of venom (weapon)
Armour
 b - a +0 leather armour (worn)
Wands
 g - a wand of digging (3)
Scrolls
 c - 2 scrolls of fog
 d - a scroll of magic mapping
 e - a scroll of fear
 i - a scroll of brand weapon {unknown}
 k - a scroll of teleportation {unknown}
Potions
 f - a potion of haste
 h - a potion of invisibility {unknown}
 j - a potion of might {unknown}
 l - a potion of curing {unknown}


   Skills:
 + Level 4.0 Fighting
 + Level 3.8 Short Blades
 + Level 3.4 Dodging
 + Level 7.3 Stealth


You had 3 spell levels left.
You didn't know any spells.
Your spell library contained the following spells:

 Spells                   Type           Power      Damage    Failure   Level
 Corona                   Hex            0%         N/A       43%         1
 Ensorcelled Hibernation  Hex/Ice        0%         N/A       56%         2
 Confusing Touch          Hex            0%         N/A       80%         3
 Dazzling Flash           Conj/Hex       0%         N/A       80%         3
 Tukima's Dance           Hex            0%         N/A       80%         3


Dungeon Overview and Level Annotations

Branches:
Dungeon (5/15)
 Temple: D:4-7

Altars:


Innate Abilities, Weirdness & Mutations

You are small and have problems with some larger weapons.
You are completely attuned to the shadows.


Message History

You completely miss the endoplasm.
The endoplasm is moderately wounded.
The endoplasm hits you but does no damage.
You hit the endoplasm.
The endoplasm is poisoned.
The endoplasm is severely wounded.
You kill the endoplasm!
No target in view!
No target in view!
You start resting.
A jelly is nearby!
A jelly is nearby!
You start resting.
HP restored.
You see here a +0 whip.
An endoplasm comes into view.
There is an open door here.
The endoplasm quivers.
The jelly quivers.
You puncture the endoplasm!
You kill the endoplasm!
You see here a +0 whip.
The endoplasm quivers.
You hit the jelly.
The jelly is poisoned.
Your hands burn!
The jelly is moderately wounded.
The jelly hits you.
You are splashed with acid!
You puncture the jelly!
Your hands burn!
The jelly is almost dead.
The jelly jiggles.
The jelly hits you but does no damage.
You puncture the jelly!
You kill the jelly!
Your Fighting skill increases to level 4!
You hit the jelly.
Your hands burn!
The jelly is moderately wounded.
The jelly completely misses you.
You are too injured to fight recklessly!
You are too injured to fight recklessly!
You hit the jelly.
Your hands burn!
The jelly is heavily wounded.
The jelly hits you.
You are splashed with acid!
You die...

.......###.#.#.#######.#.#.####.#
###..........#.................##
#.##>###.###############.#....+
#.##.# #.................#.#.##
#.##.# ###################.#.#
#.##.# ###### #.#.## #.##.#
J....########## #..... #.##.#
....JJ##....))######.#. #.##.#
...÷.#@#....)).##.##.#. #....#
....J#.#........'.##.#. ####.#
J.J..#.#..)...).'..#.#. #...#
P.P.÷#.#'#......'....#. #.#.#
÷÷...#.#.#.....##.##.#. #.#.#
#.#.#....######.#. #)#.#
##.###### #..#.#. #.#.#
###########....#. #...#
#.........#.#.


You could see a jelly and an endoplasm.

Vanquished Creatures
  A jelly (D:2)
  2 adders (D:2)
  4 bats (D:2)
  7 endoplasms (D:2)
  4 goblins
  A hobgoblin (D:2)
  6 jackals (D:2)
  A quokka (D:2)
  3 ball pythons
  2 frilled lizards (D:2)
  5 kobolds (D:2)
  2 rats (D:2)
38 creatures vanquished.

Vanquished Creatures (others)
  9 fungi (D:2)
  7 toadstools (D:2)
16 creatures vanquished.

Grand Total: 54 creatures vanquished

Notes
Turn   | Place    | Note
-------+----------+-------------------------------------------
     0 | D:5      | ABBCCCDDDD the Kobold Delver began the quest for the Orb.
     0 | D:5      | Reached XP level 1. HP: 14/14 MP: 1/1
    27 | D:5      | Noticed a hound
   570 | D:2      | Reached XP level 2. HP: 19/19 MP: 2/2
   908 | D:2      | Reached XP level 3. HP: 24/24 MP: 3/3
  1184 | D:2      | Reached skill level 7 in Stealth
  1454 | D:2      | Reached XP level 4. HP: 29/29 MP: 4/4
  1925 | D:2      | Splashed by a jelly's acid

Illustrated notes

Levels and vault maps discovered:
D:2:      cheibrodos_fertilizer, layout_basic, kennysheep_another_room
D:3:      layout_loops_corners
D:4:      layout_basic, kennysheep_okawaru_gauntlet, kennysheep_mini_moat,
          fedhas_altar_3, nicolae_ru_awakened_eye
D:5:      layout_basic, kennysheep_mini, amethyst_overflow_temple_binary,
          gammafunk_ghost_grave

Skill      XL: |  1  2  3  4 |
---------------+-------------+-----
Short Blades   | 3 |  3.8
Dodging        | 3 |  3.4
Stealth        | 7 |  7.3
Fighting       | 4 |  4.0

Action                   |  1- 3 |  4- 6 || total
-------------------------+-------+-------++-------
Melee: Short sword       |    90 |    23 ||   113
 Stab: Sleeping          |    10 |     4 ||    14
       Distracted        |     1 |       ||     1
Armor: Leather armour    |    17 |     3 ||    20
Dodge: Dodged            |    68 |     6 ||    74

Table legend: (Time is in decaauts)
 A = Elapsed time spent in this place.
 B = Non-inter-level travel time spent in this place.
 C = Inter-level travel time spent in this place.
 D = Time resting spent in this place.
 E = Time spent auto-exploring this place.
 F = Levels seen in this place.
 G = Mean time per level.
                   A        B        C        D        E       F      G
               +--------+--------+--------+--------+--------+-----+--------+
         Total |   1918 |   1902 |     16 |    758 |    900 |   4 |  479.5 |
       Dungeon |   1918 |   1902 |     16 |    758 |    900 |   4 |  479.5 |
               +--------+--------+--------+--------+--------+-----+--------+

Top non-repeatable levels by time:
     D:2: 1523 daAuts
     D:3: 322 daAuts
     D:4: 39 daAuts
     D:5: 32 daAuts
